 Dungeon Crawl Stone Soup version 0.19-a0-1686-g35356ef (webtiles) character file.

4386 HungrySpirit the Slicer (level 10, -5/63 HPs)
             Began as an Octopode Berserker on Sept 25, 2016.
             Was a High Priest of Trog.
             Shot with an arrow by a centaur (8 damage)
             ... on level 8 of the Dungeon.
             The game lasted 00:13:38 (7618 turns).

HungrySpirit the Slicer (Octopode Berserker)        Turns: 7618, Time: 00:13:38

Health: -5/63      AC:  2    Str: 22    XL:     10   Next: 35%
Magic:  10/10      EV: 23    Int: 10    God:    Trog [*****.]
Gold:   461        SH:  0    Dex: 14    Spells: 0 memorised, 9 levels left

rFire  . . .     SeeInvis .     p - +0 short sword (speed)
rCold  . . .     Gourm    .     (no shield)
rNeg   + . .     Faith    .     (helmet restricted)
rPois  .         Spirit   .     (no amulet)
rElec  .         Dismiss  .     A - +4 ring of evasion
rCorr  .         Reflect  .     C - ring of Dawn {*Corrode rN+ MR++}
MR     ++...     Harm     .     (no ring)
Stlth  ++++++....               (no ring)
                                (no ring)
                                (no ring)
                                (no ring)
                                (no ring)

@: mighty, exhausted, very slightly contaminated, hasted and slowed
A: almost no armour, stealthy swim, amphibious, 8 rings, constrict 8, camouflage
1, gelatinous body 1
a: Berserk, Trog's Hand, Brothers in Arms, Burn Spellbooks, Renounce Religion


You were on level 8 of the Dungeon.
You worshipped Trog.
Trog was extremely pleased with you.
You were very hungry.

You visited 1 branch of the dungeon, and saw 9 of its levels.
You also visited: Sewer.

You collected 461 gold pieces.

Inventory:

Hand Weapons
 a - a +0 short sword
 p - a +0 short sword of speed (weapon)
 B - a +0 rapier
Jewellery
 A - a +4 ring of evasion (left tentacle)
 C - the ring of Dawn (right tentacle) {*Corrode rN+ MR++}
   (You found it on level 8 of the Dungeon)

   [ring of positive energy]

   It protects you from negative energy.
   It affects your resistance to hostile enchantments.
   It may corrode you when you take damage.
Wands
 x - a wand of random effects (18/48)
 E - a wand of confusion (17/48)
Scrolls
 c - a scroll of noise {unknown}
 d - 3 scrolls of magic mapping
 e - a scroll of enchant armour {unknown}
 i - a scroll of blinking {unknown}
 j - a scroll of immolation {unknown}
 k - a scroll of fear
 o - a scroll of fog {unknown}
 q - 2 scrolls of enchant weapon {unknown}
 r - 4 scrolls of recharging
 s - 2 scrolls of teleportation {unknown}
 w - a scroll of remove curse {unknown}
 y - a scroll of random uselessness {unknown}
 D - a scroll of amnesia {unknown}
Potions
 f - a potion of lignification
 g - a potion of might
 m - 8 potions of curing
 t - 2 potions of mutation
 u - a potion of resistance
 v - 4 potions of flight
 z - a potion of degeneration
Comestibles
 b - 7 bread rations
 h - 8 chunks of flesh
 l - 4 meat rations
 F - a beef jerky
 H - 3 fruits


   Skills:
 - Level 3.0 Fighting
 * Level 9.9 Short Blades
 * Level 9.8 Dodging
 + Level 9.4 Stealth


You had 9 spell levels left.
You didn't know any spells.

Dungeon Overview and Level Annotations

Branches:
Dungeon (9/15)             Temple (0/1) D:5            Lair (0/6) D:8
    Orc: D:9-12

Altars:

Annotations:
D:9 Potsanchik's ghost, novice DEGl


Innate Abilities, Weirdness & Mutations

You cannot wear most types of armour.
You are very stealthy in the water.
You are amphibious.
You can wear up to eight rings at the same time.
You can use your tentacles to constrict eight enemies at once.
Your skin changes colour to match your surroundings (Stealth+).
Your rubbery body absorbs attacks. (AC +1, EV +1)


Message History

Trog accepts your kill.
You are covered in liquid flames!
* * * LOW HITPOINT WARNING * * *
Unknown command.
You barely miss the orc. Your grab misses the orc. You squeeze the orc.
You kill the orc!
Trog accepts your kill.
You are covered in liquid flames!
* * * LOW HITPOINT WARNING * * *
You are covered in liquid flames!
* * * LOW HITPOINT WARNING * * *
You see here a mottled dragon corpse.
You butcher the mottled dragon corpse.
You are covered in liquid flames!
* * * LOW HITPOINT WARNING * * *
Things that are here:
a mottled dragon hide; 4 inedible chunks of flesh; a mottled dragon skeleton A centaur comes into view.
The centaur wields a shortbow.
The centaur shoots an arrow.
The arrow hits you!
You die...

...............................S.
........#.....c..................
.................................
............................##...
..................)....[.........
...........(................#####
.<.........................##
.......########...........##
......##


cD.. ##@>).......# ......# #..# #.[..)..†..# #####.# #..# #..######### #.# #..#
#..# #.# #..# #..# #.####''####..# #...8#..#8....# #...[[..D'...(#
#...8####8....# You could see a centaur.

Vanquished Creatures
  A centaur warrior (D:8)
  2 trolls (D:8)
  A hippogriff (D:8)
  Eustachio (D:5)
  A mottled dragon (D:8)
  Menkaure (D:4)
  2 water moccasins
  2 orc warriors
  Purgy (D:4)
  A phantom (D:6)
  5 ogres
  2 centaurs
  2 big kobolds
  2 bullfrogs (D:8)
  A wyvern zombie (D:7)
  2 scorpions (D:7)
  A water moccasin skeleton (D:5)
  5 killer bees (D:7)
  A howler monkey (D:8)
  2 bullfrog zombies
  3 crimson imps
  A quasit (D:6)
  2 hounds (D:8)
  4 orc wizards (D:6)
  An orc priest (D:6)
  A jelly (D:7)
  Crazy Yiuf (D:5)
  3 worker ants
  A hound skeleton (D:7)
  6 gnolls
  3 river rats
  3 adders
  3 shadow imps
  3 oozes
  An adder skeleton (D:7)
  6 worms
  5 dart slugs
  10 leopard geckos
  14 orcs
  A ball python (D:1)
  4 giant cockroaches
  11 hobgoblins
  11 jackals
  2 quokkas
  8 bats
  5 frilled lizards
  11 goblins
  A jackal skeleton (D:6)
  15 kobolds
  2 leopard gecko skeletons
  A quokka zombie (D:5)
  18 rats
197 creatures vanquished.

Vanquished Creatures (others)
  An adder (D:6)
1 creature vanquished.

Grand Total: 198 creatures vanquished

Notes
Turn   | Place    | Note
-------+----------+-------------------------------------------
     0 | D:1      | HungrySpirit the Octopode Berserker began the quest for the Orb.
     0 | D:1      | Reached XP level 1. HP: 16/16 MP: 1/1
    15 | D:1      | Reached skill level 1 in Stealth
   101 | D:1      | Reached XP level 2. HP: 17/21 MP: 2/2
   437 | D:1      | Reached XP level 3. HP: 15/26 MP: 3/3
   439 | D:1      | Reached ** piety under Trog
  1236 | D:2      | Reached XP level 4. HP: 31/31 MP: 4/4
  1425 | D:2      | Reached *** piety under Trog
  2527 | D:4      | Reached XP level 5. HP: 36/36 MP: 5/5
  2568 | D:4      | Noticed an ogre
  2574 | D:4      | Noticed Purgy
  2590 | D:4      | Killed an ogre
  2598 | D:4      | Killed Purgy
  2598 | D:4      | Reached XP level 6. HP: 42/42 MP: 6/6
  2743 | D:4      | Noticed Menkaure
  2750 | D:4      | Killed Menkaure
  2750 | D:4      | Reached skill level 5 in Short Blades
  2750 | D:4      | Reached skill level 5 in Dodging
  2750 | D:4      | Reached XP level 7. HP: 29/46 MP: 7/7
  3346 | D:4      | Reached skill level 5 in Stealth
  3348 | D:4      | Reached **** piety under Trog
  3728 | D:5      | Entered Level 5 of the Dungeon
  3877 | D:5      | Found a staircase to the Ecumenical Temple.
  3904 | D:5      | Found a runed door.
  3956 | D:5      | Noticed Crazy Yiuf
  3962 | D:5      | Killed Crazy Yiuf
  4058 | D:5      | Noticed Eustachio
  4072 | D:5      | Killed Eustachio
  4072 | D:5      | Reached XP level 8. HP: 52/52 MP: 8/8
  5372 | D:6      | Found a glowing drain.
  5389 | Sewer    | Entered a sewer
  5497 | Sewer    | Reached XP level 9. HP: 56/56 MP: 9/9
  5541 | Sewer    | Found a glowing silver altar of Zin.
  6572 | D:6      | Identified a +2 rod of clouds (15/15) (You found it on level 6 of the Dungeon)
  6639 | D:7      | Reached ***** piety under Trog
  7152 | D:8      | Noticed a hill giant
  7353 | D:8      | Got a brightly glowing silver ring
  7354 | D:8      | Identified the ring of Dawn {*Corrode rN+ MR++} (You found it on level 8 of the Dungeon)
  7449 | D:8      | Found a staircase to the Lair.
  7487 | D:8      | Noticed a troll
  7487 | D:8      | Noticed a troll
  7500 | D:8      | Killed a troll
  7500 | D:8      | Reached XP level 10. HP: 63/63 MP: 10/10
  7514 | D:8      | Found a large runed door.
  7553 | D:8      | Found a large runed door.
  7567 | D:8      | Noticed a centaur warrior
  7591 | D:8      | Killed a centaur warrior
  7601 | D:9      | Noticed Potsanchik's ghost (novice DEGl)
  7617 | D:8      | HP: 3/63 [burnt (4)]
  7618 | D:8      | Shot with an arrow by a centaur

Vault maps used:
D:1:      dpeg_arrival_ratfight
D:3:      minmay_misc_feat_room
D:4:      minmay_wonky_spiral, first_bread, eino_small_chamber_without_monster,
          st_stairs_5, kennysheep_generic_room_14, uniq_menkaure, uniq_purgy
D:5:      uniq_eustachio, uniq_crazy_yiuf_cottage
D:6:      portal_sewer_entry_a, lemuel_flamethrower_1
D:8:      minmay_distorted_concentric_squares, lair_0_dummy,
          blue_anna_alchemist, jmf_multi_god_temple2
D:9:      cheibrodos_shockbox, serial_shops, shop_statue
Sewer:    sewer_kobolds

Skill      XL: |  1  2  3  4  5  6  7  8  9 10 |
---------------+-------------------------------+-----
Stealth        | 1 2 3 4 5 7 8 9 |  9.4
Short Blades   | 4 5 6 7 9 |  9.9
Dodging        | 4 5 6 7 9 |  9.8
Fighting       | |  3.0

Action                   |  1- 3 |  4- 6 |  7- 9 | 10-12 || total
-------------------------+-------+-------+-------+-------++-------
Melee: Short sword       |    94 |    74 |   313 |    25 ||   506
       Constrict         |    30 |    13 |    62 |     1 ||   106
       Tentacles         |    13 |    15 |    83 |     8 ||   119
Invok: Berserk           |       |     2 |    11 |     1 ||    14
       Trog's Hand       |       |       |     1 |       ||     1
Evoke: Wand              |       |       |     3 |       ||     3
       Rod               |       |       |     1 |       ||     1
  Use: Scroll            |       |       |    10 |     1 ||    11
       Potion            |       |       |     2 |     4 ||     6
 Stab: Sleeping          |     8 |    10 |    23 |       ||    41
       Distracted        |       |       |     1 |       ||     1
       Confused          |       |       |     1 |       ||     1
  Eat: Chunk             |     1 |     7 |    21 |     1 ||    30
       Meat ration       |       |       |     1 |       ||     1
Armor: Skin              |    18 |     8 |    12 |       ||    38
Dodge: Dodged            |    73 |    26 |   138 |    30 ||   267
